 Dungeon Crawl Stone Soup version 0.21-a0-1-gaf3b9a5 (webtiles) character file.

11 Gorglomux the Insei (level 2, -3/21 HPs)
             Began as a Barachi Transmuter on May 20, 2017.
             Slain by a worm (7 damage)
             ... on level 1 of the Dungeon.
             The game lasted 00:00:44 (674 turns).

Gorglomux the Insei (Barachi Transmuter)             Turns: 674, Time: 00:00:45

Health: -3/21      AC:  2    Str: 11    XL:     2   Next: 29%
Magic:  4/5        EV: 12    Int: 13    God:
Gold:   40         SH:  0    Dex: 12    Spells: 3/6 levels left

rFire    . . .     SeeInvis .     - Unarmed
rCold    . . .     Gourm    .   (no shield)
rNeg     . . .     Faith    .   b - +0 robe
rPois    .         Spirit   .   (no helmet)
rElec    .         Reflect  .   (no cloak)
rCorr    .         Harm     .   (no gloves)
MR       .....                  (no boots)
Stlth    +.........             (no amulet)
Regen    0.1/turn               (no ring)
MPRegen  0.1/turn               (no ring)

@: slow
A: +LOS, swims, slowness 1, strong legs 1
a: Hop


You were on level 1 of the Dungeon.
You were not hungry.

You visited 1 branch of the dungeon, and saw 1 of its levels.

You collected 40 gold pieces.

Inventory:

Missiles
 a - 11 arrows
Armour
 b - a +0 robe (worn)
Scrolls
 e - a scroll of fog {unknown}
 f - 2 scrolls of enchant weapon {unknown}
 g - a scroll of fear {unknown}
 h - a scroll of blinking {unknown}
Potions
 j - a potion of lignification {unknown}
Books
 c - a book of Changes
Comestibles
 d - a bread ration {@e1}
 i - a chunk of flesh {@w0}


   Skills:
 - Level 1.2 Fighting
 - Level 2.1 Dodging
 + Level 3.5 Unarmed Combat
 + Level 2.5 Spellcasting
 + Level 2.5 Transmutations


You had 3 spell levels left.
You knew the following spells:

 Your Spells              Type           Power        Failure   Level  Hunger
a - Beastly Appendage     Tmut           #.....       9%          1    #......
s - Sticks to Snakes      Tmut           #.......     13%         2    ###....


Dungeon Overview and Level Annotations

Branches:
Dungeon (1/15)

Altars:


Innate Abilities, Weirdness & Mutations

Shadows flee at your approach. (+LOS)
You can swim through water.
You cover ground slowly.
You can hop short distances.


Message History

Your transformation is almost over.
Unknown command.
You hit the frilled lizard.
You kill the frilled lizard!
Unknown command.
Unknown command.
No target in view!
No target in view!
You see here a frilled lizard corpse.
You butcher the frilled lizard corpse.
i - a chunk of flesh {@w0} Your talons disappear.
A bat comes into view.
The bat hits you but does no damage.
A bat is nearby!
Your feet morph into talons.
The bat closely misses you.
A bat is nearby!
The bat hits you but does no damage.
Unknown command.
The bat closely misses you.
Unknown command.
The bat closely misses you. The bat barely misses you.
Unknown command.
The bat hits you but does no damage.
Unknown command.
You miss the bat. You claw the bat, but do no damage.
The bat hits you but does no damage. The bat closely misses you.
The bat hits you but does no damage.
Unknown command.
You hit the bat. The bat closely misses you.
Unknown command.
The bat closely misses you.
Unknown command.
The bat closely misses you. The bat hits you. The bat misses you.
You see here an emerald potion.
Unknown command.
You hit the bat.
You kill the bat!
Your transformation is almost over.
No target in view!
Unknown command.
No target in view!
j - an emerald potion Unknown command.
Your talons disappear.
A goblin comes into view. It is wielding a club.
The goblin shouts!
Unknown command.
A goblin is nearby!
Unknown command.
You grow a pair of large bovine horns.
You barely miss the goblin. The goblin hits you but does no damage.
A worm comes into view.
Unknown command.
You closely miss the goblin. The goblin barely misses you.
Unknown command.
You fail to extend your transformation any further.
The goblin hits you but does no damage.
Unknown command.
You hit the goblin. You hit the goblin.
You kill the goblin!
The worm bites you.
You hit the worm. You hit the worm.
Your transformation is almost over.
The worm bites you!
* * * LOW HITPOINT WARNING * * *
You are too injured to fight recklessly!
You hit the worm.
You are too injured to fight recklessly!
You hit the worm. The worm closely misses you.
You hit the worm. The worm bites you.
* * * LOW HITPOINT WARNING * * *
You hit the worm. You barely miss the worm. The worm barely misses you.
Your horns disappear.
You create a snake!
You now have 11 arrows.
What are your orders? t - Ribbit!
Orders for allies: a - Attack new target. r - Retreat! s - Stop attacking. g - Guard the area. f - Follow me.
Anything else - Cancel.
Gang up on whom?
Aim: a worm (moderately wounded) Attack!
Your ball python bites the worm.
Your ball python grabs the worm.
Your ball python constricts the worm.
The worm struggles to escape constriction.
Your ball python bites the worm.
Your ball python constricts the worm.
The worm struggles to escape constriction.
Your ball python bites the worm.
Your ball python constricts the worm.
Your ball python completely misses the worm.
Your ball python constricts the worm.
Your ball python bites the worm.
Your ball python constricts the worm.
The worm escapes!
The worm bites you!
You die...

##.#.# #.##.#
#.##.# #######
.##..# #.....#
##..## #.###.#
##..########.###.#
#......w......#.#
#..)#######.#†#.#
.....# #.#.#@#
.....# #..Sw.#
#...## ###.###
#..# #.# ... #.#
.#. #.# .#+## #.##
....## ##.#.##
.....## #.###.#


You could see a worm and a friendly ball python.

Vanquished Creatures
  A bat (D:1)
  A giant cockroach (D:1)
  A goblin (D:1)
  A hobgoblin (D:1)
  2 kobolds (D:1)
  3 frilled lizards (D:1)
  3 rats (D:1)
12 creatures vanquished.

Notes
Turn   | Place    | Note
-------+----------+-------------------------------------------
     0 | D:1      | Gorglomux the Barachi Transmuter began the quest for the Orb.
     0 | D:1      | Reached XP level 1. HP: 15/15 MP: 3/3
   458 | D:1      | Reached XP level 2. HP: 21/21 MP: 3/5
   591 | D:1      | Learned a level 2 spell: Sticks to Snakes
   649 | D:1      | HP: 2/21 [worm (4)]
   674 | D:1      | Slain by a worm

Vault maps used:
D:1:      dpeg_arrival_another_circle, roderic_roman_lattice

Action                   || total
-------------------------++-------
Melee: Unarmed           ||    41
       Kick              ||     4
 Cast: Beastly Appendage ||    13
       Sticks to Snakes  ||     1
Armor: Robe              ||     9
Dodge: Dodged            ||    25

Vault maps used:
D:1:      dpeg_arrival_another_circle, roderic_roman_lattice

Table legend:
 A = Turns spent in this place as a percentage of turns spent in the entire game.
 B = Non-inter-level travel turns spent in this place as a percentage of non-inter-level travel turns spent in the entire game.
 C = Inter-level travel turns spent in this place as a percentage of turns spent in this place.
 D = Turns resting spent in this place as a percentage of non-inter-level travel turns spent in this place.
 E = Turns spent auto-exploring this place as a percentage of non-inter-level travel turns spent in this place.
 F = Non-inter-level travel turns spent in this place divided by the number of levels of this place that you've seen.
                   A       B       C       D       E      F
               +-------+-------+-------+-------+-------+----------------------
         Total | 100.0 | 100.0 |   0.0 |   1.5 |   7.1 | 267.0
       Dungeon | 100.0 | 100.0 |   0.0 |   1.5 |   7.1 | 267.0
               +-------+-------+-------+-------+-------+----------------------

Table legend:
 A = Kills in this place as a percentage of kills in entire the game.
 B = Kills by you in this place as a percentage of kills by you in the entire game.
 C = Kills by friends in this place as a percentage of kills by friends in the entire game.
 D = Other kills in this place as a percentage of other kills in the entire game.
 E = Experience gained in this place as a percentage of experience gained in the entire game.
 F = Experience gained in this place divided by the number of levels of this place that you have seen.
                   A       B       C       D       E      F
               +-------+-------+-------+-------+-------+----------------------
         Total | 100.0 | 100.0 |  -nan |  -nan | 100.0 |  17.0
       Dungeon | 100.0 | 100.0 |  -nan |  -nan | 100.0 |  17.0
               +-------+-------+-------+-------+-------+----------------------
